 Dungeon Crawl Stone Soup version 0.16.2-3-ga078185 (webtiles) character file.

63 gorblad the Conjurer (level 4, -1/30 HPs)
             Began as a Human Conjurer on Sept 8, 2015.
             Was an Initiate of Cheibriados.
             Slain by a giant frog (3 damage)
             ... on level 3 of the Dungeon.
             The game lasted 00:16:21 (2706 turns).

gorblad the Conjurer (Human Conjurer)               Turns: 2706, Time: 00:16:21

Health: -1/30      AC:  2    Str:  9    XL:     4   Next: 31%
Magic:  6/8        EV: 12    Int: 18    God:    Cheibriados [......]
Gold:   77         SH:  0    Dex: 14    Spells: 3 memorised, 2 levels left

rFire  . . .     SeeInvis .     h - +1 whip (freeze)
rCold  . . .     Clarity  .     b - +0 robe
rNeg   + . .     SustAb   .     (no shield)
rPois  .         Gourm    .     (no helmet)
rElec  .         Spirit   .     (no cloak)
rCorr  .         Warding  .     (no gloves)
rMut   .         Stasis   .     (no boots)
MR     .....                    (no amulet)
Stlth  ++........               (no ring)
                                f - ring of positive energy

@: very slow, not resistant to hostile enchantments, unstealthy
A: no striking features
a: Bend Time, Renounce Religion


You were on level 3 of the Dungeon.
You worshipped Cheibriados.
Cheibriados was noncommittal.
You were not hungry.

You visited 1 branch of the dungeon, and saw 3 of its levels.

You collected 77 gold pieces.

Inventory:

Hand weapons
 h - a +1 whip of freezing (weapon)
Armour
 a - a +0 robe
 b - a +0 robe (worn)
 i - a +0 robe
 t - a +0 robe
Jewellery
 f - a ring of positive energy (left hand)
Magical devices
 q - a wand of confusion (16)
Scrolls
 e - 2 scrolls of recharging {unknown}
 g - a scroll of enchant weapon {unknown}
 j - 2 scrolls of magic mapping {unknown}
 l - 2 scrolls of fear {unknown}
 n - a scroll of blinking {unknown}
 r - 2 scrolls of remove curse {unknown}
 s - a scroll of teleportation {unknown}
 v - a scroll of fog {unknown}
 w - a scroll of noise {unknown}
Potions
 d - a potion of cancellation {unknown}
 k - a potion of haste {unknown}
 m - a potion of heal wounds {unknown}
 o - a potion of curing {unknown}
 u - a potion of poison {unknown}
Books
 c - a book of Conjurations

   Spells                             Type                      Level
   a - Magic Dart                     Conjuration                  1
   b - Searing Ray                    Conjuration                  2
   c - Dazzling Spray                 Conjuration/Hexes            3
   d - Fulminant Prism                Conjuration/Hexes            4
   e - Iskenderun's Mystic Blast      Conjuration                  4
   f - Iskenderun's Battlesphere      Conjuration/Charms           5
Comestibles
 p - a meat ration


   Skills:
 + Level 0.2 Fighting
 + Level 0.2 Maces & Flails
 + Level 2.3 Dodging
 + Level 2.2 Stealth
 + Level 2.5 Spellcasting
 + Level 4.8 Conjurations


You had 2 spell levels left.
You knew the following spells:

 Your Spells              Type           Power        Failure   Level  Hunger
a - Magic Dart            Conj           ###.         1%          1    #......
b - Searing Ray           Conj           ###...       3%          2    ##.....
c - Dazzling Spray        Conj/Hex       ##......     21%         3    ###....


Dungeon Overview and Level Annotations

Branches:
Dungeon (3/15)

Altars:
Cheibriados
Fedhas


Message History

The orc moves out of view.
You hear a shout!
The giant frog closely misses you. x2
The orc hits you with a flail.
An orc comes into view. It is wielding a short sword.
Casting: Magic Dart
Confirm with . or Enter, or press ? or * to list all spells.
Aiming: Magic Dart
Press: ? - help, Shift-Dir - straight line, f - giant frog
Aim: a giant frog The magic dart hits the giant frog.
The giant frog is moderately wounded.
The giant frog hits you. The giant frog barely misses you.
The orc moves out of view.
The giant frog hits you! The orc hits you with a flail.
* * * LOW HITPOINT WARNING * * *
The giant frog hits you.
* * * LOW HITPOINT WARNING * * *
The giant frog hits you.
You die...

### .S.. .....
#####..... +...'......
#..o# #oF.#
...####.@.#
......'...#
#.....#...#
#......#'##
#'#'#.#>#### #
#.###.#>...#######.#
#..................#
#####.....(.........##
#.........)#.......>..


You could see a giant frog, an adder (wandering) and 2 orcs.

Vanquished Creatures
  A shadow imp (D:3)
  A worm (D:2)
  3 giant geckos
  An ooze (D:1)
  An orc (D:3)
  5 bats
  A giant cockroach (D:1)
  6 goblins
  4 hobgoblins
  5 kobolds
  A quokka (D:2)
  3 giant newts
  7 jackals
  2 rats
41 creatures vanquished.

Notes
Turn   | Place    | Note
--------------------------------------------------------------
     0 | D:1      | gorblad, the Human Conjurer, began the quest for the Orb.
     0 | D:1      | Reached XP level 1. HP: 13/13 MP: 3/3
   480 | D:1      | Reached XP level 2. HP: 10/19 MP: 0/4
  1219 | D:2      | Learned a level 2 spell: Searing Ray
  1293 | D:2      | Reached XP level 3. HP: 11/24 MP: 3/6
  1894 | D:2      | Learned a level 3 spell: Dazzling Spray
  2069 | D:2      | Found a snail-covered altar of Cheibriados.
  2074 | D:2      | Became a worshipper of Cheibriados the Contemplative
  2237 | D:3      | Found a blossoming altar of Fedhas.
  2251 | D:3      | Reached XP level 4. HP: 6/30 MP: 0/8
  2700 | D:3      | Noticed a giant frog
  2706 | D:3      | Slain by a giant frog

Action                   |  1- 3 |  4- 6 || total
-------------------------+-------+-------++-------
Melee: Whip              |    22 |    14 ||    36
 Cast: Magic Dart        |    48 |    11 ||    59
       Searing Ray       |    12 |     2 ||    14
       Dazzling Spray    |     2 |     1 ||     3
  Eat: Chunk             |     2 |     1 ||     3
       Bread ration      |     1 |       ||     1
